 Dungeon Crawl Stone Soup version 0.27.1-33-g824d729ab1 (webtiles) character file.

Game seed: 15175337614480386602

98784 Kaptain the Earth Mage (level 16, -1/100 HPs)
             Began as a Gargoyle Earth Elementalist on Dec 18, 2021.
             Slain by a spriggan berserker (20 damage)
             ... on level 2 of the Swamp.
             The game lasted 02:09:36 (36358 turns).

Kaptain the Earth Mage (GrEE)                      Turns: 36358, Time: 02:09:37

Health: -1/100     AC: 29    Str: 13    XL:     16   Next: 23%
Magic:  1/33       EV: 10    Int: 25    God:
Gold:   1714       SH: 10    Dex: 10    Spells: 14/41 levels left

rFire    . . .     SeeInvis .   p - +9 sword of Zonguldrok {reap}
rCold    + . .     Faith    .   l - +0 buckler
rNeg     + . .     Spirit   .   b - +0 swamp dragon scales
rPois    ∞         Reflect  +   i - +2 hat {Int+3}
rElec    +         Harm     .   H - +1 cloak {rCorr}
rCorr    +         Rampage  .   q - +0 pair of gloves
Will     +....                  s - +0 pair of boots
Stlth    ++........             G - amulet of reflection
HPRegen  0.26/turn              v - ring of wizardry
MPRegen  0.23/turn              B - ring of protection from cold

@: about to teleport, flying
A: sickness immunity, AC +12, big wings, negative energy resistance 1,
electricity resistance, torment resistance 1, petrification resistance
a: no special abilities


You were on level 2 of the Swamp.
You visited 6 branches of the dungeon, and saw 25 of its levels.
You also visited: Gauntlet.

You collected 1714 gold pieces.

Inventory:

Hand Weapons
 p - the +9 sword of Zonguldrok (weapon) {reap}
   (You found it in a Gauntlet)

   Any living foe damaged by it may be reanimated upon death as a zombie
   friendly to the wielder, with an increasing chance as more damage is dealt.
 M - the +4 flail "Stringbean" {freeze, rF+ Str+2}
   (You found it on level 4 of the Lair of Beasts)

   It freezes those it strikes, dealing additional cold damage.
   It can also slow down cold-blooded creatures.
   Str:       It affects your strength (+2).
   rF:        It protects you from fire.
 X - the +7 dagger "Arbiter" {vorpal, rF+ rN+ rCorr Dex-5}
   (You found it on level 12 of the Dungeon)

   It inflicts extra damage upon your enemies.
   Dex:       It affects your dexterity (-5).
   rF:        It protects you from fire.
   rN:        It protects you from negative energy.
   rCorr:     It protects you from acid and corrosion.
Missiles
 o - 62 stones
Armour
 b - +0 swamp dragon scales (worn)
 i - a +2 hat of intelligence (worn)
 k - the +2 cloak "Taffi" {rC- Slay+6 Stlth+}
   (You found it in a Gauntlet)

   Slay:      It affects your accuracy & damage with ranged weapons and melee
   (+6).
   rC:        It makes you vulnerable to cold.
   Stlth:     It makes you more stealthy.
 l - a +0 buckler (worn)
 q - a +0 pair of gloves (worn)
 s - a +0 pair of boots (worn)
 H - a +1 cloak of preservation (worn)
 R - a +0 troll leather armour
Magical Staves
 K - a staff of cold
 U - a staff of air
Jewellery
 t - a ring of see invisible
 v - a ring of wizardry (left hand)
 B - a ring of protection from cold (right hand)
 G - an amulet of reflection (around neck)
 I - the ring of Xom's Full Attention {Str+6 Int+5}
   (You found it on level 5 of the Lair of Beasts)

   [ring of strength]

   Str:       It affects your strength (+6).
   Int:       It affects your intelligence (+5).
 P - an amulet of guardian spirit
 Q - a ring of willpower
 V - a ring of fire
 W - a ring of wizardry
 Z - a ring of protection from cold
Wands
 f - a wand of polymorph (19)
 j - a wand of flame (69)
 x - a wand of iceblast (17)
 z - a wand of charming (7)
 E - a wand of paralysis (3)
 S - a wand of mindburst (10)
Scrolls
 a - a scroll of holy word
 d - a scroll of blinking
 m - 6 scrolls of teleportation
 u - 6 scrolls of magic mapping
 y - 6 scrolls of enchant weapon
 A - 2 scrolls of fog
 J - 9 scrolls of identify
 L - 4 scrolls of enchant armour
 N - 2 scrolls of amnesia
 O - 3 scrolls of summoning
 Y - a scroll of immolation
Potions
 c - a potion of magic
 e - a potion of heal wounds
 g - 6 potions of haste
 h - 3 potions of might
 n - 2 potions of curing
 r - 3 potions of lignification
 C - a potion of invisibility
 D - 2 potions of brilliance


   Skills:
 + Level 11.1 Fighting
 + Level 10.9 Armour
 - Level 1.6 Dodging
 - Level 4.1 Stealth
 - Level 8.0 Shields
 * Level 13.1 Spellcasting
 * Level 12.2 Conjurations
 - Level 0.7 Transmutations
 + Level 5.4 Fire Magic
 * Level 16.6 Earth Magic


You had 14 spell levels left.
You knew the following spells:

 Your Spells              Type           Power      Damage    Failure   Level
a - Sandblast             Erth           100%       2d20      0%          1
b - Passwall              Tmut/Erth      46%        N/A       1%          2
c - Stone Arrow           Conj/Erth      100%       3d13      1%          3
d - Lightning Bolt        Conj/Air       23%        1d38      6%          5
e - Sticky Flame          Conj/Fire      57%        2d7       1%          4
f - Fireball              Conj/Fire      28%        3d12      1%          5
g - Orb of Destruction    Conj           33%        9d12      16%         7

Your spell library contained the following spells:

 Spells                   Type           Power      Damage    Failure   Level
 Magic Dart               Conj           100%       1d8       1%          1
 Searing Ray              Conj           100%       3d7       1%          2
 Static Discharge         Conj/Air       46%        N/A       1%          2
 Petrify                  Tmut/Erth      56%        N/A       1%          4
 Bolt of Magma            Conj/Fire/Erth 32%        4d14      1%          5
 Iskenderun's Battlesphe  Conj           67%        2d12      1%          5
 Apportation              Tloc           32%        N/A       2%          1
 Fulminant Prism          Conj/Hex       23%        3d13      2%          4
 Corpse Rot               Necr/Air       N/A        N/A       4%          2
 Gell's Gravitas          Tloc           8%         N/A       8%          3
 Ozocubu's Armour         Ice            16%        N/A       8%          3
 Teleport Other           Tloc           16%        N/A       8%          3
 Animate Dead             Necr           8%         N/A       26%         4
 Dispel Undead            Necr           16%        3d10      26%         4
 Conjure Ball Lightning   Conj/Air       23%        3x3d6     32%         6
 Alistair's Intoxication  Tmut/Pois      12%        N/A       50%         5
 Shatter                  Erth           39%        3d31*     93%         9
 Death Channel            Necr           8%         N/A       98%         6
 Invisibility             Hex            8%         N/A       98%         6
 Haunt                    Necr/Summ      8%         N/A       100%        7
 Infestation              Necr           8%         N/A       100%        8
 Maxwell's Capacitive Co  Air            8%         ∞         100%        8
 Polar Vortex             Ice            8%         N/A       100%        9


Dungeon Overview and Level Annotations

Branches:
Dungeon (12/15)            Temple (1/1) D:5            Lair (6/6) D:9
  Swamp (2/4) Lair:2       Spider (2/4) Lair:3        Slime (0/5) Lair:5
    Orc (2/2) D:12            Elf (0/3) Orc:2       Gauntlet (visited)

Altars:
Ashenzari
Cheibriados
Dithmenos
Elyvilon
Fedhas
Gozag
Hepliaklqana
Kikubaaqudgha
Makhleb
Nemelex Xobeh
Okawaru
Qazlal
Ru
Sif Muna
Trog
Uskayaw
Vehumet
Wu Jian
Xom
Yredelemnul
Zin
The Shining One
Beogh
Jiyva
Lugonu

Shops:
D:2 (*[((   D:4 [   Orc:1 :(   Orc:2 =[[?

Portals:
Abyss: Lair:6

Annotations:
Lair:1 exclusion: 2 oklob plants


Innate Abilities, Weirdness & Mutations

You are immune to sickness and miasma.
Your stone body is resilient. (AC +12)
You are immune to poison.
Your large and strong wings let you fly.
You resist negative energy. (rN+)
You are resistant to electric shocks. (rElec)
You are resistant to unholy torment.
You are immune to petrification.


Message History

Confirm with . or Enter, or press ? or * to list all spells.
Aiming: Sticky Flame (mildly dangerous; 1% risk of failure)
Press: ? - help, Shift-Dir - straight line, f - eleionoma
Aim: an eleionoma (moderately wounded, 100% to hit)
The sticky flame hits the eleionoma!
The eleionoma is heavily wounded.
The eleionoma is covered in liquid flames!
The eleionoma burns!
The eleionoma hits you but does no damage.
The spriggan berserker is engulfed in a cloud of scalding steam.
Casting: Sticky Flame (mildly dangerous; 1% risk of failure)
Confirm with . or Enter, or press ? or * to list all spells.
Okay, then.
Casting: Sticky Flame (mildly dangerous; 1% risk of failure)
Confirm with . or Enter, or press ? or * to list all spells.
Aiming: Stone Arrow (safe; 1% risk of failure)
Press: ? - help, Shift-Dir - straight line, f/p - eleionoma
Aim: an eleionoma (heavily wounded, covered in liquid flames, 84% to hit)
The stone arrow hits the eleionoma!!
The eleionoma is severely wounded.
The eleionoma burns!
The eleionoma touches a tree and draws upon its vitality.
The eleionoma is healed.
You slash the eleionoma!
The eleionoma is lightly wounded.
The eleionoma burns!
The spriggan berserker mumbles some strange prayers to Trog.
The spriggan berserker goes berserk!
You block the eleionoma's attack.
The spriggan berserker hits you but does no damage.
The eleionoma hits you!
As you read the scroll of teleportation, it crumbles to dust.
You feel strangely unstable.
The eleionoma burns!
You block the spriggan berserker's attack.
The eleionoma hits you.
Okay, then.
The eleionoma burns!
The spriggan berserker hits you with a +0 hand axe!!
* * * LOW HITPOINT WARNING * * *
The spriggan berserker hits you with a +0 hand axe!!
You die...

♣♣♣♣♣.♣♣♣≈≈≈
♣♣♣♣≈.....≈.≈≈≈
♣≈..≈≈≈§§≈≈...
♣≈.≈≈≈≈≈≈≈≈^♣
..≈≈≈≈.≈...
.≈≈≈...♣
♣≈≈≈♣♣♣♣
♣R..≈≈≈♣♣
♣≈@≈†..≈♣♣
♣i≈≈†...≈♣.
♣♣.≈≈≈.....§
♣≈≈≈≈[≈≈.≈§..≈
....i))○..≈♣♣♣♣≈
..≈§§.○≈≈.≈♣
..≈≈..♣♣♣♣≈♣
♣≈...♣ .≈ .≈≈[.
≈≈≈


You could see an eleionoma (burning) and a spriggan berserker (berserk,
regenerating, strong-willed).

Vanquished Creatures
  Gastronok (D:8)
  Kirke (Lair:5)
  An emperor scorpion (Lair:3)
  An entropy weaver (Spider:1)
  A minotaur (Gauntlet)
  A bunyip (Swamp:2)
  2 eleionomae
  3 boulder beetles
  A spriggan air mage (Swamp:2)
  11 hydras
  6 two-headed ogres
  A death scarab (Gauntlet)
  2 tengu warriors (D:11)
  Urug (Lair:3)
  3 thrashing horrors (Lair:6)
  A spriggan berserker (Swamp:2)
  A fire crab (Gauntlet)
  2 goliath frogs (Swamp:1)
  A spriggan druid (Swamp:1)
  A swamp dragon (Swamp:2)
  An orc knight (Orc:1)
  A bog body (Swamp:1)
  Pikel (D:3)
  4 orb spiders
  2 ugly things
  5 wolf spiders
  2 deep elf pyromancers
  An oklob plant (Orc:2)
  4 cyclopes
  6 orc sorcerers
  A will-o-the-wisp (Swamp:1)
  6 elephants
  A manticore (D:11)
  2 ice statues
  A salamander (shapeshifter) (D:11)
  6 smoke demons (Lair:6)
  4 black mambas
  Joseph (D:8)
  A gargoyle (D:11)
  A torpor snail (Lair:2)
  6 rime drakes
  14 cane toads
  Psyche (D:9)
  5 komodo dragons
  A yaktaur (D:11)
  An ice devil (Lair:5)
  3 demonic crawlers
  A kobold demonologist (D:11)
  2 polar bears (Lair:5)
  2 ancient zymes (Lair:6)
  9 jumping spiders
  10 hornets
  A bloated husk (Swamp:1)
  A meliai (D:11)
  4 trolls
  19 blink frogs
  A tyrant leech (Swamp:1)
  Prince Ribbit (D:7)
  Sigmund (D:6)
  20 redbacks
  14 tarantellas
  9 spriggans
  4 shadows
  29 yaks
  6 wyverns
  A wraith (D:9)
  Eustachio (D:6)
  4 fire bats (Gauntlet)
  3 hogs (Lair:5)
  14 basilisks
  2 large abominations (Lair:6)
  2 vampire mosquitoes (D:11)
  A steam dragon (D:7)
  2 chaos spawn (Lair:6)
  7 swamp worms
  9 wargs
  13 water moccasins
  5 acid dragons
  A hell hound (Gauntlet)
  11 orc warriors
  5 black bears
  A spectral torpor snail (Gauntlet)
  A swamp drake (Swamp:1)
  3 sky beasts
  8 small abominations (Lair:6)
  7 ice beasts (Lair:5)
  14 wolves
  5 ogres
  4 centaurs
  2 lemures
  A kobold brigand (D:11)
  11 bullfrogs
  2 scorpions
  2 gnoll sergeants
  A wyvern skeleton (D:6)
  6 killer bees (D:9)
  7 wights
  3 electric eels
  3 howler monkeys
  8 centaur zombies
  A bullfrog zombie (D:6)
  A centaur skeleton (D:7)
  A gnoll shaman (D:6)
  A jelly (D:6)
  Crazy Yiuf (D:7)
  8 orc priests
  5 hounds
  2 iguanas (D:5)
  39 orc wizards
  A hound skeleton (D:4)
  Robin (D:4)
  4 howler monkey zombies
  17 gnolls
  A howler monkey skeleton (D:7)
  5 adders
  A white imp (Lair:5)
  An ufetubus (D:7)
  2 worms
  2 dart slugs
  76 orcs
  4 endoplasms
  4 giant cockroaches
  12 goblins
  8 hobgoblins
  13 jackals
  6 quokkas
  7 ball pythons
  4 bats
  4 frilled lizards (D:3)
  6 kobolds
  5 rats
671 creatures vanquished.

Vanquished Creatures (collateral kills)
  Maggie (D:7)
  A blink frog (Lair:2)
2 creatures vanquished.

Vanquished Creatures (others)
  A centaur zombie (D:11)
  A yak (D:11)
  An orc (Orc:2)
  2 foxfires (Swamp:1)
  74 fungi
  117 plants
196 creatures vanquished.

Grand Total: 869 creatures vanquished

Notes
Turn   | Place    | Note
-------+----------+-------------------------------------------
     0 | D:1      | Kaptain the Gargoyle Earth Elementalist began the quest for
                  | the Orb.
     0 | D:1      | Reached XP level 1. HP: 10/10 MP: 3/3
   458 | D:1      | Reached XP level 2. HP: 13/16 MP: 1/5
   817 | D:1      | Reached skill level 4 in Earth Magic
  1219 | D:2      | Found Beim's Antique Weapon Emporium.
  1221 | D:2      | Reached XP level 3. HP: 13/20 MP: 4/6
  1330 | D:2      | Found Saxtem's Armour Boutique.
  1336 | D:2      | Reached skill level 1 in Fighting
  1735 | D:2      | Found Vekoghicse's Assorted Antiques.
  1941 | D:2      | Found Cayhig's Antique Weapon Boutique.
  1968 | D:2      | Found Atainieca's Weapon Shoppe.
  2069 | D:3      | Found a hide-covered altar of Uskayaw.
  2077 | D:3      | Reached XP level 4. HP: 25/25 MP: 3/7
  2084 | D:3      | Learned a level 2 spell: Passwall
  2088 | D:3      | Learned a level 3 spell: Stone Arrow
  2274 | D:3      | Reached skill level 1 in Armour
  2859 | D:3      | Found a glowing golden altar of the Shining One.
  3194 | D:3      | Reached XP level 5. HP: 29/29 MP: 7/9
  3406 | D:4      | Noticed a lemure
  3407 | D:4      | Noticed a lemure
  3414 | D:4      | Noticed Pikel
  3416 | D:4      | Noticed a lemure
  3426 | D:4      | Killed a lemure
  3440 | D:4      | Noticed a lemure
  3445 | D:3      | Killed a lemure
  3971 | D:4      | Reached skill level 1 in Shields
  4130 | D:4      | Noticed Robin
  4156 | D:4      | Reached skill level 5 in Earth Magic
  4157 | D:4      | Killed Robin
  4300 | D:4      | Found Loluca Icidd's Antique Armour Emporium.
  4309 | D:4      | Reached XP level 6. HP: 30/35 MP: 9/11
  4540 | D:3      | Killed Pikel
  4541 | D:3      | Reached skill level 6 in Earth Magic
  4541 | D:3      | Reached XP level 7. HP: 8/40 MP: 11/13
  5313 | D:4      | Reached XP level 8. HP: 46/46 MP: 2/14
  5790 | D:5      | Entered Level 5 of the Dungeon
  5842 | D:5      | Reached skill level 7 in Earth Magic
  5966 | D:5      | Reached skill level 5 in Spellcasting
  6341 | D:5      | Found a staircase to the Ecumenical Temple.
  6353 | Temple   | Entered the Ecumenical Temple
  7233 | D:6      | Noticed Sigmund
  7241 | D:6      | Killed Sigmund
  7406 | D:6      | Noticed Eustachio
  7587 | D:6      | Reached skill level 8 in Earth Magic
  7587 | D:6      | Reached XP level 9. HP: 52/52 MP: 12/17
  7978 | D:6      | Killed Eustachio
  8316 | D:7      | Noticed a two-headed ogre
  8321 | D:7      | Killed a two-headed ogre
  8322 | D:7      | Reached skill level 5 in Fighting
  8322 | D:7      | Reached skill level 9 in Earth Magic
  8323 | D:7      | Noticed Maggie
  8333 | D:7      | Killed Maggie
  8334 | D:7      | Reached skill level 5 in Armour
  8581 | D:7      | Reached skill level 5 in Shields
  8621 | D:7      | Reached XP level 10. HP: 59/59 MP: 18/20
  8837 | D:7      | Found a white marble altar of Elyvilon.
  8951 | D:7      | Found a runed translucent door.
  8952 | D:7      | Noticed Crazy Yiuf
  8957 | D:7      | Killed Crazy Yiuf
  9016 | D:7      | Noticed Prince Ribbit
  9027 | D:7      | Killed Prince Ribbit
  9582 | D:8      | Noticed Joseph
  9590 | D:8      | Killed Joseph
  9591 | D:8      | Reached skill level 10 in Earth Magic
  9758 | D:8      | Noticed Gastronok
  9773 | D:8      | Killed Gastronok
 10017 | D:8      | Found a hazy altar of Hepliaklqana.
 10271 | D:9      | Noticed Psyche
 10288 | D:9      | Killed Psyche
 10289 | D:9      | Reached skill level 11 in Earth Magic
 10289 | D:9      | Reached XP level 11. HP: 61/66 MP: 12/23
 10440 | D:9      | Noticed a two-headed ogre
 10446 | D:9      | Killed a two-headed ogre
 10962 | D:9      | Found a staircase to the Lair.
 11115 | D:9      | Found a large runed translucent door.
 11118 | D:9      | Found a large runed translucent door.
 11132 | D:9      | Found a bloodstained altar of Trog.
 11138 | D:9      | Found a glowing silver altar of Zin.
 11245 | Lair:1   | Entered Level 1 of the Lair of Beasts
 11255 | Lair:1   | Noticed an oklob plant
 11268 | Lair:1   | Identified the +5 hunting sling "Yhaun" {vorpal, *Corrode
                  | rElec rPois}
 11297 | Lair:1   | Noticed an oklob plant
 11360 | Lair:1   | Noticed a boulder beetle
 11517 | Lair:1   | Found an ornate altar of the Wu Jian Council.
 11517 | Lair:1   | Found a hide-covered altar of Uskayaw.
 11540 | Lair:1   | Killed a boulder beetle
 11541 | Lair:1   | Reached skill level 1 in Conjurations
 12741 | Lair:2   | Found a gate leading to a gauntlet.
 12747 | Lair:2   | Reached skill level 12 in Earth Magic
 12753 | Gauntlet | Entered a Gauntlet
 12753 | Gauntlet | Found a transporter.
 12753 | Gauntlet | Found a transporter.
 12867 | Gauntlet | Found a transporter.
 12867 | Gauntlet | Found a transporter.
 12870 | Gauntlet | Noticed a death scarab
 12877 | Gauntlet | Found a transporter.
 12877 | Gauntlet | Found the +9 sword of Zonguldrok {reap}
 12886 | Gauntlet | Noticed a fire crab
 12887 | Gauntlet | Found a transporter.
 12887 | Gauntlet | Found a transporter.
 12888 | Gauntlet | Noticed a two-headed ogre
 12915 | Gauntlet | Found a transporter.
 12918 | Gauntlet | Found a transporter.
 12930 | Gauntlet | Found a transporter.
 12935 | Gauntlet | a two-headed ogre changed into a snapping turtle
 12950 | Gauntlet | Found a transporter.
 12960 | Gauntlet | Found a transporter.
 12997 | Gauntlet | Found a transporter.
 13000 | Gauntlet | Noticed a shining eye
 13019 | Gauntlet | Found a transporter.
 13113 | Gauntlet | Found a transporter.
 13129 | Gauntlet | Found a transporter.
 13144 | Gauntlet | Noticed a glowing orange brain
 13144 | Gauntlet | Noticed a deep troll
 13158 | Gauntlet | Noticed a harpy
 13158 | Gauntlet | a yak changed into a harpy
 13159 | Gauntlet | a harpy changed into a yaktaur
 13177 | Gauntlet | Noticed a moth of wrath
 13177 | Gauntlet | a glowing orange brain changed into a moth of wrath
 13181 | Gauntlet | Noticed a moth of wrath
 13181 | Gauntlet | a deep troll changed into a moth of wrath
 13755 | Gauntlet | Killed a death scarab
 13756 | Gauntlet | Reached XP level 12. HP: 72/72 MP: 20/25
 14055 | Gauntlet | Got the Guide on Warped Cold
 14063 | Gauntlet | Noticed a shock serpent
 14063 | Gauntlet | a floating eye changed into a shock serpent
 14066 | Gauntlet | Identified the +2 cloak "Taffi" {rC- Slay+6 Stlth+}
 14067 | Gauntlet | a shock serpent changed into a dream sheep
 14088 | Gauntlet | Learned a level 5 spell: Lightning Bolt
 14226 | Gauntlet | Noticed a minotaur
 14233 | Gauntlet | Killed a minotaur
 14542 | Lair:2   | Found a staircase to the Swamp.
 14709 | Lair:2   | Reached skill level 5 in Conjurations
 15226 | Lair:2   | Noticed a six-headed hydra
 15230 | Lair:2   | Killed a six-headed hydra
 15414 | Lair:2   | Reached skill level 10 in Spellcasting
 15619 | Lair:2   | Noticed a six-headed hydra
 15624 | Lair:2   | Killed a six-headed hydra
 15625 | Lair:2   | Reached skill level 13 in Earth Magic
 16395 | Lair:3   | Noticed Urug
 16412 | Lair:3   | Killed Urug
 16769 | Lair:3   | Found a hole to the Spider Nest.
 16791 | Lair:3   | Reached XP level 13. HP: 51/79 MP: 25/27
 18080 | Lair:4   | Learned a level 4 spell: Sticky Flame
 18823 | Lair:4   | Identified the +4 flail "Stringbean" {freeze, rF+ Str+2}
 19091 | Lair:4   | Reached skill level 14 in Earth Magic
 19567 | Lair:5   | Found a staircase to the Slime Pits.
 19568 | Lair:5   | Found a viscous altar of Jiyva.
 20491 | Lair:5   | Noticed Kirke
 20499 | Lair:5   | Killed Kirke
 20500 | Lair:5   | Gained mutation: Your large and strong wings let you fly.
                  | [Gargoyle growth]
 20500 | Lair:5   | Reached XP level 14. HP: 86/86 MP: 10/29
 21082 | Lair:5   | Identified the ring of Xom's Full Attention {Str+6 Int+5}
 21114 | Lair:5   | Learned a level 5 spell: Fireball
 21267 | Lair:6   | Entered Level 6 of the Lair of Beasts
 21586 | Lair:6   | Reached skill level 1 in Fire Magic
 21912 | D:10     | Entered Level 10 of the Dungeon
 23703 | D:11     | Reached skill level 15 in Earth Magic
 23804 | D:11     | Reached skill level 10 in Conjurations
 24005 | D:11     | Reached skill level 10 in Fighting
 24791 | D:11     | Learned a level 7 spell: Orb of Destruction
 25207 | D:12     | Found a staircase to the Orcish Mines.
 25236 | D:12     | Identified the +7 dagger "Arbiter" {vorpal, rF+ rN+ rCorr
                  | Dex-5}
 25443 | D:12     | Reached skill level 10 in Armour
 25447 | Orc:1    | Entered Level 1 of the Orcish Mines
 25615 | Orc:1    | Found Zogio's Self-Improvement Boutique.
 25758 | Orc:1    | Found Huakoh's Weapon Shop.
 26011 | Orc:2    | Entered Level 2 of the Orcish Mines
 27090 | Orc:2    | Paralysed by an orc sorcerer for 5 turns
 27100 | Orc:2    | Found a staircase to the Elven Halls.
 27297 | Orc:2    | Reached XP level 15. HP: 92/92 MP: 29/31
 27925 | Orc:2    | Found Lyzon's Antique Armour Shop.
 27925 | Orc:2    | Found Wukyemn's Antique Armour Emporium.
 27992 | Orc:2    | Found Wuytella's Book Shop.
 27992 | Orc:2    | Found Xyehar's Magic Scroll Emporium.
 28275 | Orc:2    | Found Dixtuff's Jewellery Shoppe.
 30983 | Lair:6   | Found a corrupted altar of Lugonu.
 30983 | Lair:6   | Found a one-way gate to the infinite horrors of the Abyss.
 31229 | Spider:1 | Entered Level 1 of the Spider Nest
 31722 | Spider:1 | Noticed an emperor scorpion
 31773 | Lair:3   | Reached skill level 16 in Earth Magic
 31775 | Lair:3   | Killed an emperor scorpion
 32332 | Spider:1 | Identified the +2 scale mail of Jaich {+Blink Int+2 Dex+2}
 34295 | Swamp:1  | Entered Level 1 of the Swamp
 34855 | Swamp:1  | Reached skill level 5 in Fire Magic
 35192 | Swamp:1  | Reached XP level 16. HP: 94/99 MP: 15/32
 36358 | Swamp:2  | Slain by a spriggan berserker

Illustrated notes

Levels and vault maps discovered:
D:1:      heliophobic_arrival_dark_side_of_the_moon, layout_basic
D:2:      layout_rooms, serial_shops, nicolae_lakefront_shop, shop, shop,
          shop_statue, nicolae_shop_temple_entry_statues_fountains,
          serial_bayou_ford_a, hangedman_decor_riveting
D:3:      layout_basic, mainiacjoe_overflow_cross_hatched, marbit_many_paths,
          chequers_mini_garden, kennysheep_generic_room_15
D:4:      layout_loops_ring, serial_shops, shop, portal_sewer_entry_f,
          uniq_robin, uniq_pikel
D:5:      layout_basic, minmay_temple_entry_junction
D:6:      layout_cave_pods, item_on_display_a, uniq_eustachio, uniq_sigmund
D:7:      layout_cave_pools, elyvilon_altar_1, corexii_hall_statues_i,
          uniq_crazy_yiuf_cottage, uniq_maggie, uniq_prince_ribbit1
D:8:      layout_cave_pools, nzn_hepliaklqana_mist_gate,
          chequers_hall_statues_corner_a, uniq_gastronok, uniq_joseph
D:9:      layout_rooms, jmf_multi_god_temple2, david_lair_shrubbed, uniq_psyche
D:10:     layout_basic
D:11:     minmay_the_grid_octo_tiled_squarecenter
          [minmay_the_grid_octo_thin_diamonds, minmay_the_grid_octo_odd_swirl,
          minmay_the_grid_octo_focus, minmay_the_grid_octo_toaster,
          minmay_the_grid_square_5x5_megaprize_diamond,
          minmay_the_grid_square_5x5_minivault,
          minmay_the_grid_square_5x5_gyroscope, minmay_the_grid_square_5x5_tie,
          minmay_the_grid_square_5x5_two_walls_b], layout_cross,
          mrwooster_statue_mirror
D:12:     layout_long_grid, david_orc_2, fedhas_ov_isle_minmay
Temple:   regret_index_temple_sphere_string
Lair:1:   layout_hall_layers, nzn_masters_of_martial_movement,
          minmay_lair_oklob_chamber
Lair:2:   layout_loops_ring, swamp_mist, gauntlet_entry_generic
Lair:3:   layout_gridlike, nicolae_spider_entry_tight_spaces,
          serial_bayou_shore_b, uniq_urug
Lair:4:   layout_loops_ring, chequers_serial_rivers_marsh, st_stairs_7,
          minmay_lair_drake_nest
Lair:5:   layout_long_grid, slime_altar_1, ice2_lemuel, serial_bayou_shore_b,
          grunt_megastairs_3, uniq_kirke
Lair:6:   hellmonk_lair_end_abyssal_woods, layout_long_grid,
          serial_bayou_shore_b
Swamp:1:  layout_falls_marsh, nicolae_swamp_tree_designs, swamp_pool1,
          nicolae_swamp_spriggan_camp, infiniplex_staircase_pool
Swamp:2:  layout_basic_swamp, evilmike_swamp_ruin_house_3
Spider:1: layout_spider_delve, drop_trap, hangedman_spider_trapstep
Spider:2: layout_spider_delve, gammafunk_ghost_grave,
          nicolae_spider_webbed_stairs, uniq_arachne
Orc:1:    layout_caves, serial_shops, shop, basic_altar, nicolae_shop_self_help
Orc:2:    st_orc_town, layout_caves, serial_shops, nicolae_shop_crystal,
          mines3_lemuel

Skill      XL: |  1  2  3  4  5  6  7  8  9 10 11 12 13 14 15 16 |
---------------+-------------------------------------------------+-----
Earth Magic    | 4 5 6 8 9 11 12 13 14 15 16 | 16.6
Fighting       | 1 2 3 4 5 6 7 8 9 10 11 | 11.1
Armour         | 1 2 4 5 6 7 8 9 10 | 10.9
Spellcasting   | 3 4 5 6 8 9 10 11 12 13 | 13.1
Shields        | 1 2 3 5 6 7 8 |  8.0
Stealth        | 3 4 |  4.1
Conjurations   | 4 6 9 10 11 12 | 12.2
Fire Magic     | 3 5 |  5.4
Dodging        | |  1.6
Transmutations | |  0.7

Action                   |  1- 3 |  4- 6 |  7- 9 | 10-12 | 13-15 | 16-18 || total
-------------------------+-------+-------+-------+-------+-------+-------++-------
Melee: Unarmed           |     8 |       |       |       |       |       ||     8
       Short sword       |     3 |       |       |       |       |       ||     3
       Dagger            |       |   139 |    27 |       |       |       ||   166
       Morningstar       |       |       |     7 |    31 |       |       ||    38
       Double sword      |       |       |       |    87 |   185 |    10 ||   282
 Cast: Sandblast         |    53 |    30 |    83 |   100 |   311 |     4 ||   581
       Stone Arrow       |       |     7 |    46 |   171 |   597 |    31 ||   852
       Fireball          |       |       |       |       |    17 |    18 ||    35
       Sticky Flame      |       |       |       |       |     1 |     2 ||     3
Evoke: Wand              |       |       |       |     4 |     7 |       ||    11
  Use: Potion            |       |     3 |       |    14 |     4 |       ||    21
       Scroll            |       |       |     8 |    10 |     5 |     1 ||    24
 Stab: Distracted        |       |       |     1 |       |       |       ||     1
Armor: Leather armour    |    13 |    55 |    36 |     1 |       |       ||   105
       Robe              |     1 |       |       |       |       |       ||     1
       Swamp dragon scal |       |       |       |   168 |   472 |    16 ||   656
Dodge: Dodged            |    17 |    67 |    52 |   121 |   295 |     4 ||   556
       Repelled          |       |       |       |     2 |       |       ||     2
Block: Buckler           |       |       |     8 |    71 |   365 |    12 ||   456
       Reflection        |       |       |       |       |    14 |       ||    14
       Rpst.: Double sword |       |       |       |    29 |    71 |     1 ||   101
